 Dungeon Crawl Stone Soup version 0.17-a0-1176-g3d5a0d0 (webtiles) character file.

5998 Gorice the Spear-Bearer (level 10, -10/81 HPs)
             Began as a Naga Wanderer on May 29, 2015.
             Was a High Priest of Cheibriados.
             Mangled by a centaur warrior (11 damage)
             ... on level 9 of the Dungeon on May 30, 2015.
             The game lasted 00:58:47 (9068 turns).

Gorice the Spear-Bearer (Naga Wanderer)             Turns: 9068, Time: 00:58:48

Health: -10/81     AC: 10    Str: 28    XL:     10   Next: 85%
Magic:  0/20       EV:  8    Int: 27    God:    Cheibriados [*****.]
Gold:   573        SH:  0    Dex: 29    Spells: 0 memorised, 11 levels left

rFire  . . .     SeeInvis +     a - +6 spear of Internal Strife {freeze, MR+ Str+4 Dex+6}
rCold  . . .     Clarity  .     f - +2 scale mail
rNeg   . . .     SustAt   .     (no shield)
rPois  +         Gourm    .     J - +1 helmet
rElec  .         Spirit   +     (no cloak)
rCorr  .         Warding  .     (no gloves)
rMut   .         Stasis   .     (no barding)
MR     +++..                    v - amulet of guardian spirit
Stlth  +.........               p - ring of magical power
                                o - ring of protection from magic

@: very slightly contaminated, invisible, very slow, extremely resistant to
hostile enchantments, very unstealthy
A: see invisible, deformed body, poison resistance, slowness 2, slow metabolism
1, spit poison 2, AC +3
a: Spit Poison, Bend Time, Temporal Distortion, Slouch, Step From Time, Renounce
Religion


You were on level 9 of the Dungeon.
You worshipped Cheibriados.
Cheibriados was extremely pleased with you.
You were not hungry.

You visited 2 branches of the dungeon, and saw 10 of its levels.
You also visited: Ossuary.

You collected 573 gold pieces.

Inventory:

Hand weapons
 a - the +6 spear of Internal Strife (weapon) {freeze, MR+ Str+4 Dex+6}
   (You found it on level 7 of the Dungeon)

   It has been specially enchanted to freeze those struck by it, causing extra
   injury to most foes and up to half again as much damage against particularly
   susceptible opponents.
   It can also slow down cold-blooded creatures.
   It affects your strength (+4).
   It affects your dexterity (+6).
   It affects your resistance to hostile enchantments.
 b - a +1 shortbow of flaming
   (You took it off a centaur on level 5 of the Dungeon)
Missiles
 s - 194 arrows
 w - 5 tomahawks (quivered)
 x - 98 poisoned needles
 I - 9 poisoned arrows
 T - 32 arrows of dispersal
 Z - 285 stones
Armour
 f - a +2 scale mail (worn)
 J - a +1 helmet (worn)
Jewellery
 n - an uncursed ring of flight
 o - a ring of protection from magic (left hand)
 p - a ring of magical power (right hand)
 v - an amulet of guardian spirit (around neck)
 E - an uncursed ring of ice
Magical devices
 j - a wand of polymorph (8)
 y - a wand of flame (37)
 D - a wand of paralysis (20)
 U - a wand of lightning (9)
 W - a wand of frost (21)
Scrolls
 c - a scroll of summoning {unknown}
 d - 5 scrolls of teleportation {!r}
 l - a scroll of fog
 z - 2 scrolls of fear {!r}
 F - a scroll of magic mapping {!r}
 H - 3 scrolls of remove curse
Potions
 g - 2 potions of ambrosia {!q}
 i - 2 potions of cure mutation {!q}
 q - a potion of lignification {!q}
 r - 5 potions of agility {!q}
 t - 3 potions of curing
 u - a potion of cancellation {!q}
 B - a potion of might {!q}
 V - a potion of brilliance {!q}
 Y - a potion of invisibility {!q}
Books
 C - a book of Enchantments
Comestibles
 e - 5 bread rations {!e}
 h - a beef jerky
 L - 4 meat rations {!e}
 S - a slice of pizza


   Skills:
 - Level 2.6 Fighting
 * Level 14.5 Polearms
 - Level 3.3 Bows
 - Level 1.0 Armour
 - Level 1.5 Stealth
   Level 1.0 Shields
 - Level 1.0 Spellcasting
   Level 1.0 Charms
   Level 3.0 Air Magic


You had 11 spell levels left.
You didn't know any spells.

Dungeon Overview and Level Annotations

Branches:
Dungeon (9/15)             Temple (1/1) D:5
   Lair: D:8-11         Orc: D:9-12

Altars:
Ashenzari
Cheibriados
Dithmenos
Fedhas
Gozag
Kikubaaqudgha
Makhleb
Nemelex Xobeh
Okawaru
Qazlal
Ru
Sif Muna
Trog
Vehumet
Xom
Yredelemnul
Zin
The Shining One
Lugonu

Shops:
D:4 }


Innate Abilities, Weirdness & Mutations

You cannot wear boots.
Your serpentine skin is tough (AC +3).
You have supernaturally acute eyesight.
Armour fits poorly on your strangely shaped body.
Your system is resistant to poisons.
You cover ground very slowly.
You have a slow metabolism.
You can spit poison.


Message History

You are very lightly contaminated with residual magic.
The centaur warrior shoots an arrow. x3
There is a large open door here.
The centaur warrior shoots an arrow. x3
Which direction?
You close the large door.
You start resting.
A centaur warrior opens the door.
It is wielding a longbow of flaming.
Use which ability? (? or * to list)
Press: ? - help, Shift-Dir - straight line, f - wasp
Aim: a wasp (hasn't noticed you)
The splash of poison hits the centaur warrior.
The centaur warrior is lightly wounded.
You feel slightly more hungry.
You strike the helpless centaur warrior from behind!
You hit the centaur warrior. You freeze the centaur warrior.
The centaur warrior is lightly wounded.
The centaur warrior unwields an uncursed longbow of flaming.
It stops flaming.
The centaur warrior barely misses you.
You hit the centaur warrior but do no damage.
The centaur warrior is lightly wounded.
The centaur warrior hits you but does no damage.
You hit the centaur warrior. You freeze the centaur warrior.
The centaur warrior is lightly wounded.
The centaur warrior barely misses you.
You hit the centaur warrior. You freeze the centaur warrior.
The centaur warrior is lightly wounded.
You catch the helpless centaur warrior completely off-guard!
You hit the centaur warrior. You freeze the centaur warrior.
The centaur warrior is lightly wounded.
The centaur warrior hits you.
* * * LOW HITPOINT WARNING * * *
Damage: 5 (max 5)
You catch the helpless centaur warrior completely off-guard!
You puncture the centaur warrior! You freeze the centaur warrior!
The centaur warrior is heavily wounded.
You have got your breath back.
The wasp stings you but does no damage.
The centaur warrior hits you but does no damage.
You hit the centaur warrior. You freeze the centaur warrior.
The centaur warrior is severely wounded.
The centaur warrior hits you!
* * * LOW HITPOINT WARNING * * *
Damage: 10 (max 10)
You hit the centaur warrior but do no damage.
The centaur warrior is severely wounded.
You barely miss the centaur warrior.
The centaur warrior is severely wounded.
The centaur warrior hits you!
You die...

....<... .......#
#......# #......#
#......#
.8♣♣♣♣♣♣♣#......#
♣$.......y......#
♣$.....((c......#
.8♣♣♣♣♣♣♣#@.....#
#......# #......#
##......#
##.......#
##...>....#
#.<.......#
#.........#
#.........#


You could see a centaur warrior and a wasp.

Vanquished Creatures
  The ghost of wotan the Firebug, an experienced DEWz of Vehumet (D:5)
  Sigmund (D:3)
  2 hippogriffs (D:7)
  2 wraiths (Ossuary)
  2 hungry ghosts
  Edmund (D:6)
  2 water moccasins (D:8)
  3 necrophages (D:7)
  3 sky beasts
  A phantom (D:8)
  5 ice beasts
  5 ogres
  3 centaurs
  The ghost of WhatIsLove the Skirmisher, an average GrCK of Xom (D:3)
  A big kobold (D:8)
  6 giant frogs
  A water moccasin skeleton (D:5)
  11 killer bees (D:8)
  5 scorpions
  8 wights
  2 crimson imps
  2 quasits
  7 hounds
  3 orc priests
  A giant frog zombie (D:5)
  A gnoll shaman (D:4)
  A centaur zombie (D:8)
  2 jellies
  3 orc wizards
  7 worker ants
  2 iguanas
  2 worker ant zombies
  A mummy (D:7)
  Robin (D:4)
  7 adders
  3 gnolls (D:4)
  2 oozes
  An adder skeleton (D:8)
  A worm (D:4)
  7 giant geckos
  16 orcs
  4 bats
  A bat skeleton (D:6)
  3 giant cockroaches
  12 hobgoblins
  22 kobolds
  2 ball pythons
  2 giant gecko skeletons
  A giant gecko zombie (D:7)
  9 giant newts
  20 goblins
  A hobgoblin skeleton (Ossuary)
  3 hobgoblin zombies (Ossuary)
  3 kobold zombies (Ossuary)
  2 orc skeletons (Ossuary)
  An orc zombie (Ossuary)
  4 quokkas
  2 quokka zombies (D:7)
  15 rats
243 creatures vanquished.

Notes
Turn   | Place    | Note
--------------------------------------------------------------
     0 | D:1      | Gorice the Naga Wanderer began the quest for the Orb.
     0 | D:1      | Gorice set off with: a +2 scale mail, a +0 shortbow, 25 arrows, a scroll of teleportation {!r}, a bread ration {!e}
     0 | D:1      | Reached XP level 1. HP: 18/18 MP: 2/2
   330 | D:1      | Found a shattered altar of Ashenzari.
   572 | D:1      | Reached XP level 2. HP: 15/25 MP: 3/3
  1072 | D:2      | Reached skill level 2 in Bows
  1094 | D:2      | Reached XP level 3. HP: 17/32 MP: 4/4
  1346 | D:2      | Found a glowing golden altar of the Shining One.
  1468 | D:2      | Reached skill level 2 in Fighting
  1556 | D:2      | Reached XP level 4. HP: 37/39 MP: 5/5
  1686 | D:2      | Found an ancient bone altar of Kikubaaqudgha.
  2023 | D:3      | Reached skill level 3 in Bows
  2105 | D:2      | HP: 11/40 [orc/trident (4)]
  2359 | D:3      | Noticed WhatIsLove's ghost (average GrCK)
  2530 | D:3      | Found a shadowy altar of Dithmenos.
  2730 | D:3      | Killed WhatIsLove's ghost
  2730 | D:3      | Reached skill level 2 in Polearms
  2730 | D:3      | Reached XP level 5. HP: 35/46 MP: 6/6
  2962 | D:3      | Reached skill level 3 in Polearms
  3052 | D:3      | Noticed Sigmund
  3075 | D:3      | HP: 10/46 [Sigmund/magic dart (5)]
  3078 | D:3      | Killed Sigmund
  3078 | D:3      | Reached skill level 4 in Polearms
  3078 | D:3      | Reached XP level 6. HP: 8/55 MP: 3/7
  3762 | D:4      | Reached skill level 5 in Polearms
  3779 | D:4      | Found an opulent altar of Gozag.
  3779 | D:4      | Found a shattered altar of Ashenzari.
  3793 | D:4      | Noticed Robin
  3808 | D:4      | Killed Robin
  3808 | D:4      | Reached XP level 7. HP: 52/61 MP: 8/8
  3848 | D:4      | Found a burning altar of Makhleb.
  3893 | D:4      | Found Wujimuri's Gadget Shop.
  3942 | D:4      | HP: 15/61 [gnoll/flail (5)]
  4260 | D:4      | Found a sparkling altar of Nemelex Xobeh.
  4263 | D:4      | Found a radiant altar of Vehumet.
  4294 | D:4      | Found a basalt altar of Yredelemnul.
  4295 | D:4      | Found a deep blue altar of Sif Muna.
  4398 | D:4      | Reached skill level 6 in Polearms
  4405 | D:4      | Upgraded the game from 0.17-a0-1174-ge06b3cc to 0.17-a0-1176-g3d5a0d0
  4599 | D:5      | Entered Level 5 of the Dungeon
  4848 | D:5      | Noticed wotan's ghost (experienced DEWz)
  4858 | D:5      | Killed wotan's ghost
  4858 | D:5      | Reached skill level 7 in Polearms
  4858 | D:5      | Reached XP level 8. HP: 56/68 MP: 9/9
  5053 | D:5      | Found a staircase to the Ecumenical Temple.
  5056 | D:5      | Reached skill level 8 in Polearms
  5093 | Temple   | Entered the Ecumenical Temple
  5147 | Temple   | Became a worshipper of Cheibriados the Contemplative
  5174 | D:5      | HP: 19/68 [centaur (3)]
  5180 | D:5      | HP: 9/68 [centaur (2)]
  5186 | D:5      | HP: 17/102 [centaur (3)]
  5824 | D:6      | Reached skill level 9 in Polearms
  5904 | D:6      | Found a sand-covered staircase.
  5934 | Ossuary  | Entered an ossuary
  5972 | Ossuary  | Acquired Cheibriados's first power
  6026 | Ossuary  | Noticed a flying skull
  6033 | Ossuary  | Noticed a flying skull
  6135 | Ossuary  | Noticed a flying skull
  6145 | Ossuary  | Reached skill level 10 in Polearms
  6145 | Ossuary  | Reached XP level 9. HP: 53/74 MP: 10/10
  6345 | D:6      | Noticed Edmund
  6368 | D:6      | Killed Edmund
  6820 | D:6      | Found an iron altar of Okawaru.
  6821 | D:6      | Found a bloodstained altar of Trog.
  6995 | D:7      | Reached skill level 11 in Polearms
  7150 | D:7      | Reached skill level 12 in Polearms
  7163 | D:7      | Acquired Cheibriados's second power
  7270 | D:7      | HP: 21/71 [giant frog (3)]
  7274 | D:7      | HP: 6/74 [wight/dire flail (8)]
  7280 | D:7      | Reached XP level 10. HP: 33/81 MP: 3/11
  7570 | D:7      | Reached skill level 13 in Polearms
  7816 | D:7      | Found an iron altar of Okawaru.
  7820 | D:7      | Got an ancient spear
  7834 | D:7      | Acquired Cheibriados's third power
  7951 | D:7      | Identified the +6 spear of Internal Strife {freeze, MR+ Str+4 Dex+6} (You found it on level 7 of the Dungeon)
  8479 | D:8      | Acquired Cheibriados's fourth power
  8479 | D:8      | Reached skill level 14 in Polearms
  9049 | D:9      | Noticed a centaur warrior
  9050 | D:9      | HP: 22/81 [centaur warrior/arrow (4)]
  9050 | D:9      | HP: 8/81 [centaur warrior/arrow (14)]
  9050 | D:9      | HP: 1/81 [centaur warrior/arrow (7)]
  9064 | D:9      | HP: 11/81 [centaur warrior (5)]
  9066 | D:9      | HP: 1/81 [centaur warrior (10)]
  9068 | D:9      | Mangled by a centaur warrior

Vault maps used:
D:1:      noname_arrival_rooms_in_the_neighbourhood, st_stairs_11,
          evilmike_ruin_ashenzari
D:2:      lemuel_crystal_altar, tso_oasis_becter, first_bread
D:3:      overflow_temple_1_default, uniq_sigmund
D:4:      nicolae_overflow_hidden_temple, gammafunk_temple_overflow_pools,
          serial_shops, shop, uniq_robin
D:5:      minmay_temple_entry_glass, minmay_lizard_king
D:6:      grunt_temple_overflow_bloody_war, nicolae_ossuary_entry_monument,
          minmay_misc_feat_diagonals, uniq_edmund
D:7:      serial_undead, serial_undead_c, serial_undead_a, serial_undead_e,
          serial_undead_c, okawaru_ov_weapons_minmay
D:9:      kennysheep_big_flooded_room, kennysheep_mini_moat
Temple:   corrupted_temple
Ossuary:  ossuary_due_cavern

Action                   |  1- 3 |  4- 6 |  7- 9 | 10-12 || total
-------------------------+-------+-------+-------+-------++-------
Melee: Trident           |       |    53 |       |       ||    53
       Hand axe          |       |    26 |       |       ||    26
       Unarmed           |       |    23 |       |       ||    23
       Scythe            |       |    36 |   409 |    41 ||   486
       Spear             |       |       |       |   149 ||   149
 Fire: Shortbow          |   112 |    44 |       |    34 ||   190
       Blowgun           |       |    23 |       |       ||    23
Throw: Tomahawk          |       |       |     8 |    15 ||    23
       Stone             |       |       |     2 |       ||     2
 Abil: Spit Poison       |     5 |     9 |    11 |     7 ||    32
  Use: Scroll            |     4 |     8 |    10 |     3 ||    25
       Potion            |       |       |     5 |     2 ||     7
 Stab: Invisible         |       |       |       |     3 ||     3
       Sleeping          |       |       |       |     1 ||     1
  Eat: Chunk             |     1 |     7 |    11 |     4 ||    23
       Meat ration       |       |     1 |       |       ||     1

Table legend:
 A = Turns spent in this place as a percentage of turns spent in the entire game.
 B = Non-inter-level travel turns spent in this place as a percentage of non-inter-level travel turns spent in the entire game.
 C = Inter-level travel turns spent in this place as a percentage of turns spent in this place.
 D = Turns resting spent in this place as a percentage of non-inter-level travel turns spent in this place.
 E = Turns spent auto-exploring this place as a percentage of non-inter-level travel turns spent in this place.
 F = Non-inter-level travel turns spent in this place divided by the number of levels of this place that you've seen.
                   A       B       C       D       E      F
               +-------+-------+-------+-------+-------+----------------------
         Total | 100.0 | 100.0 |   0.3 |   1.7 |   4.7 | 332.9
       Dungeon |  93.5 |  93.5 |   0.3 |   1.8 |   4.9 | 380.6
        Temple |   1.9 |   1.9 |   0.0 |   0.0 |   0.0 |  69.0
       Ossuary |   4.6 |   4.6 |   0.0 |   1.2 |   1.8 | 168.0
               +-------+-------+-------+-------+-------+----------------------

Vault maps used:
D:1:      noname_arrival_rooms_in_the_neighbourhood, st_stairs_11,
          evilmike_ruin_ashenzari
D:2:      lemuel_crystal_altar, tso_oasis_becter, first_bread
D:3:      overflow_temple_1_default, uniq_sigmund
D:4:      nicolae_overflow_hidden_temple, gammafunk_temple_overflow_pools,
          serial_shops, shop, uniq_robin
D:5:      minmay_temple_entry_glass, minmay_lizard_king
D:6:      grunt_temple_overflow_bloody_war, nicolae_ossuary_entry_monument,
          minmay_misc_feat_diagonals, uniq_edmund
D:7:      serial_undead, serial_undead_c, serial_undead_a, serial_undead_e,
          serial_undead_c, okawaru_ov_weapons_minmay
D:9:      kennysheep_big_flooded_room, kennysheep_mini_moat
Temple:   corrupted_temple
Ossuary:  ossuary_due_cavern
